Map: Acid Plant LE

Players

Rage - Winner!

  • Race: Zerg Zerg
  • League: Diamond
  • Spawn Location: 11:00

cooc

  • Race: Protoss Protoss
  • League: Diamond
  • Spawn Location: 5:00

VOD

Have the link to the VOD?

Description

Time

  • Played on: Feb. 14, 2018, 9:07 a.m.
  • Length: 8:38
Show
View Real Time Build Order
Export as new Build Order

Rage Zerg - Winner!

Build Orders: Pool First 

Get SALT Encoding   

  12  0:01  Drone  
  13  0:14  Overlord  
  13  0:19  Drone  
  14  0:32  Drone x2  
  16  0:36  Drone  
  17  0:47  Spawning Pool  
  17  0:49  Drone  
  17  1:11  Drone  
  17  1:12  Drone  
  19  1:20  Hatchery  
  19  1:23  Drone  
  19  1:30  Overlord  
  19  1:40  Zergling x2  
  19  1:43  Queen  
  22  1:54  Zergling x2  
  23  2:03  Zergling x2  
  24  2:21  Zergling x2  
  21  2:30  Drone  
  21  2:42  Drone x2  
  23  2:45  Queen  
  25  2:55  Drone  
  25  2:57  Extractor  
  24  3:03  Hatchery  
  23  3:10  Drone x2  
  23  3:12  Drone  
  26  3:17  Drone  
  27  3:32  Overlord x2  
  26  3:48  Overlord  
  26  3:57  Queen  
  26  3:58  Roach Warren  
  27  4:09  Drone x3  
  31  4:17  Drone x2  
  31  4:18  Drone  
  33  4:29  Lair  
  33  4:34  Drone  
  33  4:37  Metabolic Boost  
  34  4:41  Drone  
  35  4:55  Drone x5  
  35  4:57  Roach  
  42  5:03  Roach x2  
  42  5:06  Overlord  
  46  5:12  Overlord  
  46  5:18  Roach  
  46  5:19  Overlord  
  48  5:40  Roach x3, Hatchery  
  53  5:47  Roach  
  55  5:51  Drone  
  55  5:52  Extractor, Drone x3  
  58  5:57  Drone x3  
  58  6:03  Drone x3  
  64  6:09  Roach x2  
  68  6:14  Spore Crawler  
  68  6:15  Spore Crawler  
  66  6:27  Roach x2  
  66  6:32  Roach x2  
  73  6:35  Zergling x4  
  75  6:40  Extractor  
  75  6:41  Drone  
  75  6:53  Roach x3  
  80  6:57  Queen  
  81  7:04  Overlord  
  81  7:05  Overlord  
  81  7:09  Extractor  
  81  7:11  Overlord x2  
  80  7:17  Glial Reconstitution  
  80  7:22  Evolution Chamber, Queen  
  80  7:26  Roach x2  
  80  7:27  Roach x2  
  80  7:28  Roach  
  91  7:40  Ravager  
  91  7:43  Roach x2  
  91  7:44  Roach x3  
  102  7:49  Drone  
  102  7:50  Drone x2  
Show
View Real Time Build Order
Export as new Build Order

cooc Protoss 

Build Orders: Cannon Rush, Double Forge 

Get SALT Encoding   

  12  0:01  Probe (Chrono Boost)  
  13  0:11  Probe (Chrono Boost)  
  14  0:16  Probe (Chrono Boost)  
  15  0:27  Pylon  
  15  0:45  Probe  
  15  0:47  Forge  
  16  0:56  Pylon  
  16  0:57  Probe  
  17  1:09  Probe  
  18  1:22  Probe (Chrono Boost)  
  19  1:27  Pylon  
  19  1:34  Probe (Chrono Boost)  
  19  1:35  Assimilator  
  19  1:39  Assimilator  
  20  1:41  Probe (Chrono Boost)  
  21  1:48  Photon Cannon  
  21  1:50  Photon Cannon  
  21  1:57  Photon Cannon  
  21  2:02  Photon Cannon  
  21  2:09  Photon Cannon  
  21  2:21  Pylon  
  21  2:23  Probe  
  22  2:35  Probe  
  23  2:47  Probe  
  24  2:55  Protoss Ground Weapons Level 1 (Chrono Boost), Forge  
  24  2:57  Forge  
  24  3:00  Probe  
  25  3:07  Pylon  
  25  3:18  Photon Cannon  
  25  3:36  Gateway  
  25  3:39  Gateway  
  25  3:53  Protoss Ground Armor Level 1 (Chrono Boost)  
  25  3:56  Gateway  
  25  3:59  Protoss Shields Level 1 (Chrono Boost)  
  25  4:12  Gateway  
  25  4:25  Cybernetics Core  
  25  4:35  Zealot x2  
  29  4:40  Pylon  
  29  4:49  Zealot  
  31  4:59  Zealot  
  33  5:03  Twilight Council  
  33  5:07  Zealot  
  35  5:15  Warp Gate  
  35  5:16  Zealot  
  37  5:34  Charge (Chrono Boost)  
  37  5:47  Zealot  
  37  5:48  Zealot x3  
  45  5:54  Protoss Ground Armor Level 2 (Chrono Boost)  
  45  6:11  Pylon  
  45  6:17  Zealot  
  45  6:18  Zealot  
  49  7:11  Robotics Facility  
  49  7:27  Zealot x3  
  55  7:50  Zealot x2  
  43  8:22  Zealot x2  
Tags
 
Add a new tag
Caveats
  • Supply blocks, unpowered buildings, or Contaminate may cause inaccurate times.
  • Supply counts are checked every 10 seconds.